 Dungeon Crawl Stone Soup version 0.28-a0-71-g84acfa7270 (webtiles) character file.

Game seed: 14829825950827501614

917550 vjdl the Slayer (level 27, -51/212 HPs)
             Began as a Gargoyle Earth Elementalist on July 31, 2021.
             Was the Champion of Vehumet.
             Killed from afar by Vunaly the pandemonium lord (86 damage)
             ... with an iron shot
             ... on level 16 of a ziggurat on Aug 1, 2021.
             The game lasted 04:31:12 (68506 turns).

vjdl the Slayer (Gargoyle Earth Elementalist)      Turns: 68506, Time: 04:31:13

Health: -51/212    AC: 48    Str: 13      XL:     27
Magic:  46/58      EV: 20    Int: 20 (35) God:    Vehumet [******]
Gold:   9794       SH:  0    Dex: 16 (18) Spells: 5/71 levels left

rFire   + . .      SeeInvis +   H - +9 eveningstar (elec)
rCold   + + +      Faith    .   (no shield)
rNeg    + . .      Spirit   .   x - +2 leather armour of Omission {MP+9}
rPois   ∞          Reflect  .   k - +3 helmet of the Kettle-Drum {Dex+8}
rElec   +          Harm     .   X - +2 cloak {Will+}
rCorr   +          Rampage  .   w - +0 pair of gloves "Goehabro" {SInv}
Will    +++..                   h - +4 pair of boots of the Garden {rC+}
Stlth   ++........              I - amulet "Ajumausm" {RegenMP Drain rC++ SInv}
HPRegen 0.00/turn               y - ring "Obrudd" {+Blink rF+ AC+4 Int+3}
MPRegen 0.61/turn               U - ring "Gixoeq" {rC+ rCorr AC+4 Int+2}

@: on vortex cooldown, flying, inhibited regen, studying 4 skills
A: sickness immunity, AC +20, big wings, negative energy resistance 1,
electricity resistance, torment resistance 1, petrification resistance, clever
1, robust 1, inhibited regeneration
}: 4/15 runes: barnacled, slimy, silver, gossamer
a: Renounce Religion, Evoke Blink


You were on level 16 of a ziggurat.
You worshipped Vehumet.
Vehumet was exalted by your worship.
You visited 11 branches of the dungeon, and saw 53 of its levels.
You visited 1 bazaar.
You visited 2 ziggurats (completing 1), and saw 43 of their levels.
You also visited: Gauntlet and Ice Cave.

You collected 15603 gold pieces.
You spent 5809 gold pieces at shops.

Inventory:

Hand Weapons
 H - a +9 eveningstar of electrocution (weapon)
Armour
 h - the +4 pair of boots of the Garden (worn) {rC+}
   (You bought it in a shop on level 2 of the Vaults)

   rC:        It protects you from cold.
 k - the +3 helmet of the Kettle-Drum (worn) {Dex+8}
   (You found it on level 2 of the Lair of Beasts)

   Dex:       It affects your dexterity (+8).
 w - the +0 pair of gloves "Goehabro" (worn) {SInv}
   (You found it on level 7 of the Dungeon)

   SInv:      It lets you see invisible.
 x - the +2 leather armour of Omission (worn) {MP+9}
   (You took it off an orc on level 9 of the Dungeon)

   MP:        It affects your magic capacity (+9).
 P - a scarf of invisibility
 X - a +2 cloak of willpower (worn)
Jewellery
 d - the ring "Olugheit" {Wiz +Blink rN+ Will+ Int+2}
   (You found it on level 14 of a ziggurat)

   [ring of wizardry]

   It improves your spell success rate.
   Int:       It affects your intelligence (+2).
   rN:        It protects you from negative energy.
   +Blink:    It lets you blink.
   Will:      It increases your willpower.
 r - the ring of Shadows {Umbra +Inv Stlth+}
   (You found it on level 20 of a ziggurat)

   [ring of stealth]

   It surrounds you with an aura of shadow, increasing your stealth and reducing
   the accuracy of all within it (including the wearer).
   +Inv:      It lets you turn invisible.
   Stlth:     It makes you more stealthy.
 y - the ring "Obrudd" (left hand) {+Blink rF+ AC+4 Int+3}
   (You took it off a deep elf high priest on level 3 of the Elven Halls)

   [ring of protection]

   AC:        It affects your AC (+4).
   Int:       It affects your intelligence (+3).
   rF:        It protects you from fire.
   +Blink:    It lets you blink.
 I - the amulet "Ajumausm" (around neck) {RegenMP Drain rC++ SInv}
   (You acquired it on level 23 of a ziggurat)

   [amulet of magic regeneration]

   It increases your rate of magic regeneration.
   rC:        It greatly protects you from cold.
   SInv:      It lets you see invisible.
   Drain:     It drains your maximum health when unequipped.
 U - the ring "Gixoeq" (right hand) {rC+ rCorr AC+4 Int+2}
   (You found it on level 5 of the Vaults)

   [ring of protection]

   AC:        It affects your AC (+4).
   Int:       It affects your intelligence (+2).
   rC:        It protects you from cold.
   rCorr:     It protects you from acid and corrosion.
Wands
 Q - a wand of acid (76)
 W - a wand of iceblast (32)
Scrolls
 g - 63 scrolls of identify
 i - 3 scrolls of summoning
 m - 17 scrolls of magic mapping
 n - 14 scrolls of amnesia
 D - 4 scrolls of holy word
 G - 23 scrolls of blinking
 J - 21 scrolls of fog
 R - 27 scrolls of teleportation
 Z - a scroll of fear
Potions
 a - a potion of berserk rage
 j - 5 potions of resistance
 o - 6 potions of heal wounds
 t - 2 potions of cancellation
 u - 33 potions of mutation
 z - 35 potions of curing
 A - 2 potions of haste
 B - 7 potions of brilliance
 L - 7 potions of ambrosia
 M - 2 potions of invisibility
 O - 7 potions of might
 Y - 12 potions of magic
Miscellaneous
 e - a phantom mirror
 p - a phial of floods
 q - a lightning rod (4/4)
 E - a box of beasts
 N - a condenser vane
 S - a tin of tremorstones (2/2)


   Skills:
 + Level 25.5 Fighting
 - Level 16.0 Maces & Flails
 - Level 6.0 Armour
 - Level 16.0 Dodging
 - Level 2.1 Stealth
 + Level 22.8 Spellcasting
 - Level 20.0 Conjurations
 - Level 19.0 Necromancy
 - Level 10.0 Transmutations
 - Level 22.0 Fire Magic
 + Level 20.0 Ice Magic
 - Level 22.0 Earth Magic
 - Level 10.0 Evocations


You had 5 spell levels left.
You knew the following spells:

 Your Spells              Type           Power      Damage    Failure   Level
a - Shatter               Erth           42%        3d33*     8%          9
b - Stone Arrow           Conj/Erth      100%       3d13      0%          3
c - Lee's Rapid Deconstr  Erth           42%        3d21*     0%          5
d - Iron Shot             Conj/Erth      41%        9d8       1%          6
e - Polar Vortex          Ice            40%        N/A       16%         9
f - Fire Storm            Conj/Fire      41%        8d10      11%         9
g - Ignition              Fire           42%        3d12      1%          8
h - Death's Door          Necr           39%        N/A       67%         9
i - Necromutation         Tmut/Necr      34%        N/A       36%         8

Your spell library contained the following spells:

 Spells                   Type           Power      Damage    Failure   Level
 Maxwell's Capacitive Co  Air            11%        ∞         100%        8
 Chain Lightning          Conj/Air       29%        3d38      100%        9
 Animate Skeleton         Necr           100%       N/A       0%          1
 Foxfire                  Conj/Fire      100%       2x1d9     0%          1
 Freeze                   Ice            100%       1d11      0%          1
 Magic Dart               Conj           100%       1d8       0%          1
 Pain                     Necr           100%       1d9       0%          1
 Sandblast                Erth           100%       2d20      0%          1
 Passwall                 Tmut/Erth      60%        N/A       0%          2
 Searing Ray              Conj           100%       3d7       0%          2
 Conjure Flame            Conj/Fire      82%        6-21      0%          3
 Frozen Ramparts          Ice            100%       1d12      0%          3
 Ozocubu's Armour         Ice            80%        N/A       0%          3
 Vampiric Draining        Necr           39%        2d11      0%          3
 Animate Dead             Necr           39%        N/A       0%          4
 Dispel Undead            Necr           78%        3d26      0%          4
 Hailstorm                Conj/Ice       80%        3d16      0%          4
 Sticky Flame             Conj/Fire      82%        2d9       0%          4
 Bolt of Magma            Conj/Fire/Erth 41%        4d17      0%          5
 Borgnjor's Vile Clutch   Necr/Erth      40%        N/A       0%          5
 Fireball                 Conj/Fire      41%        3d17      0%          5
 Beastly Appendage        Tmut           100%       N/A       1%          1
 Shock                    Conj/Air       100%       1d9       1%          1
 Sting                    Tmut/Pois      100%       1d8       1%          1
 Corpse Rot               Necr/Air       N/A        N/A       1%          2
 Ensorcelled Hibernation  Hex/Ice        100%       N/A       1%          2
 Poisonous Vapours        Pois/Air       44%        N/A       1%          2
 Static Discharge         Conj/Air       58%        N/A       1%          2
 Wereblood                Tmut           58%        N/A       1%          2
 Dazzling Flash           Conj/Hex       100%       N/A       1%          3
 Ignite Poison            Fire/Tmut/Pois 60%        N/A       1%          3
 Inner Flame              Hex/Fire       61%        N/A       1%          3
 Mephitic Cloud           Conj/Pois/Air  49%        N/A       1%          3
 Spider Form              Tmut/Pois      21%        N/A       1%          3
 Animate Armour           Summ/Erth      100%       N/A       1%          4
 Fulminant Prism          Conj/Hex       29%        3d14      1%          4
 Ice Form                 Ice/Tmut       70%        N/A       1%          4
 Iskenderun's Mystic Bla  Conj/Tloc      58%        2d12      1%          4
 Leda's Liquefaction      Hex/Erth       30%        N/A       1%          4
 Petrify                  Tmut/Erth      72%        N/A       1%          4
 Summon Ice Beast         Ice/Summ       58%        N/A       1%          4
 Agony                    Necr           78%        N/A       1%          5
 Blade Hands              Tmut           29%        N/A       1%          5
 Excruciating Wounds      Necr           39%        N/A       1%          5
 Freezing Cloud           Conj/Ice/Air   33%        6-21      1%          5
 Irradiate                Conj/Tmut      35%        3d25      1%          5
 Metabolic Englaciation   Hex/Ice        29%        N/A       1%          5
 Corona                   Hex            24%        N/A       2%          1
 Summon Small Mammal      Summ           88%        N/A       2%          1
 Yara's Violent Unravell  Hex/Tmut       21%        3d10      2%          5
 Blink                    Tloc           N/A        N/A       3%          2
 Call Imp                 Summ           22%        N/A       3%          2
 Slow                     Hex            22%        N/A       3%          2
 Airstrike                Air            11%        N/A       6%          4
 Olgreb's Toxic Radiance  Pois           22%        N/A       6%          4
 Call Canine Familiar     Summ           22%        N/A       7%          3
 Confusing Touch          Hex            22%        N/A       7%          3
 Gell's Gravitas          Tloc           11%        N/A       7%          3
 Lesser Beckoning         Tloc           11%        N/A       7%          3
 Portal Projectile        Hex/Tloc       44%        N/A       7%          3
 Summon Guardian Golem    Hex/Summ       22%        N/A       7%          3
 Swiftness                Air            22%        N/A       7%          3
 Teleport Other           Tloc           22%        N/A       7%          3
 Tukima's Dance           Hex            22%        N/A       7%          3
 Alistair's Intoxication  Tmut/Pois      28%        N/A       9%          5
 Cause Fear               Hex            11%        N/A       22%         4
 Passage of Golubria      Tloc           N/A        N/A       22%         4
 Summon Lightning Spire   Summ/Air       22%        N/A       22%         4
 Manifold Assault         Tloc           22%        N/A       54%         5
 Silence                  Hex/Air        11%        N/A       54%         5
 Summon Forest            Summ/Tloc      11%        N/A       54%         5
 Summon Mana Viper        Hex/Summ       22%        N/A       54%         5
 Conjure Ball Lightning   Conj/Air       29%        3x3d8     1%          6
 Death Channel            Necr           39%        N/A       1%          6
 Simulacrum               Ice/Necr       39%        N/A       1%          6
 Starburst                Conj/Fire      41%        8x6d12    1%          6
 Orb of Destruction       Conj           40%        9d14      1%          7
 Ozocubu's Refrigeration  Ice            40%        4d13      1%          7
 Lehudib's Crystal Spear  Conj/Erth      41%        10d10     1%          8
 Borgnjor's Revivificati  Necr           39%        N/A       6%          8
 Infestation              Necr           39%        N/A       6%          8
 Spellforged Servitor     Conj/Summ      29%        N/A       9%          7
 Eringya's Noxious Bog    Tmut/Pois      21%        N/A       12%         6
 Dragon Form              Tmut           29%        N/A       32%         7
 Haunt                    Necr/Summ      28%        N/A       36%         7
 Storm Form               Tmut/Air       21%        N/A       94%         7
 Dispersal                Tloc           11%        N/A       98%         6
 Invisibility             Hex            11%        N/A       98%         6
 Shadow Creatures         Summ           N/A        N/A       98%         6
 Monstrous Menagerie      Summ           11%        N/A       100%        7
 Summon Hydra             Summ           11%        N/A       100%        7
 Discord                  Hex            11%        N/A       100%        8
 Disjunction              Tloc           11%        N/A       100%        8
 Dragon's Call            Summ           11%        N/A       100%        9
 Sublimation of Blood     Necr           Unusable   N/A       N/A         2
 Statue Form              Tmut/Erth      Unusable   N/A       N/A         6

Dungeon Overview and Level Annotations

Branches:
Dungeon (15/15)            Temple (1/1) D:6            Lair (6/6) D:10
 Shoals (4/4) Lair:4       Spider (4/4) Lair:2        Slime (5/5) Lair:6
    Orc (2/2) D:11            Elf (3/3) Orc:2        Vaults (5/5) D:13
  Crypt (3/3) Vaults:3       Tomb (0/3) Crypt:3      Depths (5/5) D:15
    Zot (0/5) Depths:5      IceCv (visited)         Gauntlet (visited)

Altars:
Ashenzari
Cheibriados
Dithmenos
Elyvilon
Fedhas
Gozag
Hepliaklqana
Kikubaaqudgha
Makhleb
Nemelex Xobeh
Okawaru
Qazlal
Ru
Sif Muna
Trog
Uskayaw
Vehumet
Wu Jian
Xom
Yredelemnul
Zin
The Shining One
Jiyva

Shops:
D:4 (   D:5 (   D:7 *   D:9 **   Orc:1 :   Orc:2 [:!?   Elf:1 *   Elf:3 [[[!
Shoals:3 (   Shoals:4 !   Vaults:2 *   Depths:2 =::   Depths:3 !   Depths:4 [

Portals:
Hell: Depths:1 Depths:2 Depths:3 Depths:4 Depths:5
Abyss: Depths:2 Depths:4 Depths:5
Pandemonium: Depths:2 Depths:3 Depths:5

Annotations:
Lair:2 2 transporters, philipeq's ghost, journeyman DsFi
Spider:4 1 runed translucent door, Wuememae's ghost, adept HOFi
Orc:2 3 runed translucent doors, mokwee's ghost, journeyman OpVM
Elf:2 3 runed translucent doors


Innate Abilities, Weirdness & Mutations

You are immune to sickness and miasma.
Your stone body is resilient. (AC +20)
You are immune to poison.
Your large and strong wings let you fly.
You resist negative energy. (rN+)
You are resistant to electric shocks. (rElec)
You are resistant to unholy torment.
You are immune to petrification.
Your mind is acute. (Int +2)
You are robust. (+10% HP)
You do not regenerate when monsters are visible.


Message History

The Ice Fiend gestures at you.
The bolt of cold hits you but does no damage.
The Hell Sentinel hits you!!
* * * LOW HITPOINT WARNING * * *
You partially resist.
You feel drained. The Hell Sentinel barely misses you.
The blizzard demon gestures at you.
The bolt of lightning hits the Hell Sentinel.
The Hell Sentinel completely resists.
The bolt of lightning hits you but does no damage.
The torturous warmonger completely misses you.
The Ice Fiend gestures at you. The bolt of cold hits you. You resist.
* * * LOW HITPOINT WARNING * * *
Vunaly sneers, "Fly, thou cockered roguish codpiece!"
Vunaly blinks!
The Hell Sentinel hits you but does no damage.
The Hell Sentinel closely misses you.
You feel your intelligence returning.
Your life force feels restored.
Unknown command.
Unknown command.
Unknown command.
Unknown command.
Blink to where?
Press: ? - help, Dir - move target
As you read the scroll of blinking, it crumbles to dust.
The winds around you start to calm down.
The torturous warmonger rages.
Vunaly gestures.
The dungeon shakes, a horrible noise fills the air, and a portal to some otherworldly place is opened!
Unknown command.
Casting: Shatter (dangerous; 8% risk of failure)
Confirm with . or Enter, or press ? or * to list all spells.
Aiming: Fire Storm (dangerous; 11% risk of failure)
Press: ? - help, Dir - move target
Okay, then.
Unknown command.
You feel much better. Vunaly gestures at you. The iron shot hits you!!!!
You die...

▓▓▓▓▓▓▓▓▓▓▓▓▓
▓▓.........§§▓▓
▓.........§§§§▓▓
.......§§§§∩§§§▓▓
.§§.......§§§§§§▓▓
)...))§..§§&§§§§§▓▓
:4.2....§.§§§§§§§§▓▓
[.6....§.§§§§§§§§§§▓
!2.)).)1§§6§§§@§§§▓▓
[3.........§§§§§§▓▓
...[...§§6.§§§§§▓▓
........§1§§§§§▓▓
▓......§.§§§§§▓▓
▓▓.....§§.§.§▓▓
▓▓▓▓▓▓▓▓▓▓▓▓▓


You could see Vunaly (fast, black mark), a Hell Sentinel (fast, strong, black
mark), an Ice Fiend (fast, black mark, resistant), a torturous warmonger
(berserk, fast, black mark) and a torturous black sun (berserk, fast, strong,
black mark).

Vanquished Creatures
  the Royal Jelly (Slime:5)
  9 dread liches
  9 pandemonium lords
  9 ancient liches
  Mara (Elf:3)
  14 juggernauts
  11 royal mummies
  5 shard shrikes (Zig:21)
  10 Killer Klowns
  Margery (Depths:4)
  Saint Roka (Orc:2)
  A caustic shrike (Depths:4)
  17 golden dragons
  2 bone dragons
  2 profane servitors
  Arachne (Spider:4)
  6 Tzitzimimeh
  2 Brimstone Fiends
  3 iron giants (Zig:25)
  A hellephant (Zig:11)
  Rupert (Lair:3)
  5 tentacled monstrosities
  5 Hell Sentinels
  9 Ice Fiends
  Jorgrun (Orc:2)
  A deep elf blademaster (Elf:3)
  A quicksilver dragon (shapeshifter) (Zig:14)
  6 liches
  16 titans
  3 krakens
  6 quicksilver dragons
  19 acid blobs
  6 deep elf master archers
  14 sphinxes
  8 ancient champions
  10 tentacled starspawn
  9 storm dragons
  Roxanne (Spider:4)
  2 Executioners
  11 tengu reavers
  9 shadow dragons
  A revenant (Zig:10)
  3 draconian monks
  5 nagarajas
  3 warmongers
  12 fire giants
  Donald (Orc:2)
  11 rockslimes (Slime:5)
  A fire giant (shapeshifter) (Zig:14)
  16 frost giants
  21 ghost moths
  5 cacodemons
  8 azure jellies
  Louise (Spider:4)
  7 draconian knights
  A daeva (Depths:1)
  25 vault wardens
  6 deep elf sorcerers
  6 draconian scorchers (Zig:13)
  9 iron dragons
  A frost giant (shapeshifter) (Zig:9)
  2 deep elf elementalists (Elf:3)
  9 balrugs
  13 emperor scorpions
  A caustic shrike zombie (Zig:25)
  6 draconian shifters
  15 orc warlords
  2 draconian annihilators
  2 draconian stormcallers
  5 juggernaut zombies
  6 curse skulls
  17 ironbound preservers
  18 reapers
  A caustic shrike skeleton (Zig:10)
  3 angels
  5 ghouls
  26 stone giants
  11 quicksilver oozes
  3 juggernaut skeletons
  7 blood saints
  4 bennus (Zig:10)
  6 spriggan defenders (Depths:4)
  10 war gargoyles
  A stone giant (shapeshifter) (Zig:9)
  7 corrupters
  23 very ugly things
  9 deep elf demonologists
  8 vampire knights
  Nessos (Orc:2)
  4 purple draconians
  4 dire elephants
  13 entropy weavers
  5 lorocyprocas
  5 black suns
  2 green draconians
  14 deep elf annihilators
  9 white draconians
  4 black draconians
  6 spark wasps
  3 yellow draconians
  A minotaur (Gauntlet)
  4 red draconians
  8 eidola
  3 eleionomae (shapeshifter) (Zig:9)
  20 merfolk javelineers
  2 crystal guardians
  13 mummy priests
  15 blizzard demons
  9 deep elf death magi
  12 ettins
  9 green deaths
  19 merfolk impalers
  5 jiangshi
  11 fire dragons
  44 vault guards
  Josephine (D:11)
  18 great orbs of eyes
  A naga warrior (Zig:4)
  15 yaktaur captains
  18 ice dragons
  6 ironbound thunderhulks
  8 rakshasas
  3 peacekeepers
  12 deep elf high priests
  6 hydras
  A quicksilver dragon skeleton (Crypt:3)
  A hell beast (Zig:22)
  7 boulder beetles
  2 juggernaut simulacra
  Erolcha (Orc:2)
  5 spriggan air magi
  An anaconda (Zig:8)
  4 catoblepae (Lair:6)
  19 centaur warriors
  14 ironbound frosthearts
  2 death knights
  4 alligator snapping turtles
  7 merfolk aquamancers
  5 ogre magi
  6 merfolk avatars
  Erica (Orc:1)
  11 satyrs
  20 death yaks
  9 two-headed ogres
  A two-headed ogre (shapeshifter) (Zig:1)
  10 tengu warriors
  9 deep troll shamans
  9 vampire magi
  2 shock serpents (Zig:8)
  8 deep troll earth magi
  11 dancing weapons
  7 ironbound beastmasters
  A hell hog (Zig:17)
  2 titan zombies (Zig:25)
  4 death scarabs
  10 thrashing horrors
  15 orc high priests
  3 soul eaters
  17 deep elf knights
  6 spriggan berserkers
  7 naga sharpshooters
  2 storm dragon zombies
  20 hell knights
  A titan skeleton (Depths:2)
  15 wretched stars
  4 spatial maelstroms
  4 sun demons
  44 skeletal warriors
  16 iron trolls
  7 shadow wraiths
  A fire crab (shapeshifter) (Zig:19)
  2 fire crabs (Zig:1)
  2 sixfirhies
  A death drake (shapeshifter) (Vaults:2)
  11 sea snakes
  A salamander mystic (Zig:8)
  A golden dragon zombie (Zig:16)
  2 glowing orange brains (Depths:4)
  A torturous demonspawn (Zig:6)
  6 death drakes (Zig:24)
  42 deep trolls
  2 glowing orange brains (shapeshifter)
  2 storm dragon skeletons
  A gelid demonspawn (Zig:22)
  A swamp dragon (shapeshifter) (Zig:19)
  A bog body (Crypt:2)
  An infernal demonspawn (Depths:3)
  7 swamp dragons (Zig:24)
  4 shadow demons
  17 flayed ghosts
  An orange crystal statue (Zig:13)
  2 tengu zombies
  A naga ritualist (Zig:8)
  18 deep elf archers
  20 ironbound convokers
  4 obsidian statues
  9 wizards
  An anaconda skeleton (Crypt:3)
  8 lindwurms
  15 orc knights
  19 deep elf zephyrmancers
  9 necromancers
  25 phantasmal warriors
  3 shadow dragon zombies
  42 wolf spiders
  A frost giant zombie (Zig:15)
  4 iron dragon zombies
  3 sphinx zombies
  26 orb spiders
  31 deep elf pyromancers
  19 fauns
  65 harpies
  A mana viper (Zig:14)
  2 golden dragon skeletons
  A mana viper (shapeshifter) (Zig:14)
  A tengu skeleton (Zig:13)
  3 wolf spiders (shapeshifter)
  18 orc sorcerers
  16 cyclopes
  2 fire giant zombies (Crypt:2)
  31 manticores
  A faun (shapeshifter) (Vaults:5)
  A salamander (Depths:2)
  16 elephants
  4 fire giant skeletons
  A moth of wrath (shapeshifter) (Zig:19)
  Joseph (D:7)
  18 moths of wrath
  A stone giant skeleton (Crypt:2)
  3 sphinx skeletons
  3 frost giant skeletons
  40 ugly things
  2 worldbinders
  3 shining eyes
  3 naga magi
  16 rust devils
  8 merfolk sirens
  2 shadow dragon skeletons
  28 vault sentinels
  5 black mambas
  2 guardian serpents (shapeshifter)
  23 water nymphs
  3 apocalypse crabs
  2 guardian serpents (Zig:8)
  2 elephants (shapeshifter)
  A torpor snail (shapeshifter) (Zig:8)
  2 ice statues
  12 smoke demons
  An eye of devastation (Slime:3)
  An orange demon (Zig:6)
  9 gargoyles
  Psyche (D:11)
  15 cane toads
  An elf skeleton (Zig:16)
  An eye of devastation (shapeshifter) (Zig:23)
  A minotaur zombie (Gauntlet)
  5 hellions
  3 torpor snails
  2 unseen horrors
  A komodo dragon (shapeshifter) (D:15)
  3 komodo dragons
  9 elf zombies
  A shock serpent skeleton (Crypt:3)
  29 yaktaurs
  10 freezing wraiths
  11 tormentors
  3 kobold demonologists
  12 ice devils
  3 tengu conjurers
  3 spriggan skeletons
  4 efreet
  24 guardian mummies
  18 rime drakes
  9 trolls
  29 demonic crawlers
  2 golden dragon simulacra (Zig:21)
  11 ancient zymes
  99 merfolk
  40 jumping spiders
  A meliai (shapeshifter) (Vaults:5)
  5 red devils
  A sea snake skeleton (Crypt:2)
  12 wind drakes
  3 meliai (D:14)
  14 polar bears
  A tengu simulacrum (Zig:11)
  A queen bee (Lair:2)
  15 hornets
  5 harpy zombies (Shoals:4)
  9 raiju
  4 spriggan zombies
  A hornet (shapeshifter) (Depths:4)
  12 blink frogs
  A hydra skeleton (Crypt:3)
  A meliai zombie (D:11)
  7 dream sheep
  4 centaur simulacra (Gauntlet)
  20 snapping turtles
  A guardian serpent skeleton (Crypt:2)
  66 slime creatures
  An ice dragon skeleton (Crypt:3)
  36 flying skulls
  A vampire (D:11)
  34 water elementals
  22 large abominations
  19 wraiths
  6 shadows
  A tarantella (shapeshifter) (Zig:15)
  6 air elementals
  A hog (shapeshifter) (Elf:1)
  27 starcursed masses
  35 tarantellas
  4 ynoxinuls
  58 redbacks
  3 fire elementals (Elf:1)
  63 yaks
  Sigmund (D:5)
  A hog (D:9)
  8 spriggans
  2 wyverns
  A black mamba skeleton (Crypt:3)
  A spriggan (shapeshifter) (Zig:23)
  A human (shapeshifter) (Vaults:4)
  16 small abominations
  12 ushabtiu
  5 basilisks
  A yak (shapeshifter) (Zig:19)
  Eustachio (D:4)
  Grum (D:9)
  11 neqoxecs
  11 golden eyes
  5 vampire mosquitoes
  5 steam dragons
  12 chaos spawn
  6 wargs
  A naga (Zig:4)
  11 acid dragons
  4 hell hounds
  A faun skeleton (Crypt:2)
  12 water moccasins
  A torturous demonspawn skeleton (Crypt:1)
  3 floating eyes
  6 swamp drakes (Zig:24)
  A gelid demonspawn skeleton (Crypt:2)
  4 sky beasts
  11 ice beasts
  2 manticore zombies (Shoals:4)
  42 orc warriors
  6 necrophages
  21 ogres
  39 wolves
  26 centaurs
  2 cane toad skeletons (Crypt:3)
  2 snapping turtle zombies
  A phantom (D:4)
  A centaur (shapeshifter) (Vaults:5)
  A lindwurm skeleton (Crypt:2)
  2 manticore skeletons
  11 bullfrogs
  A cyclops zombie (Crypt:2)
  A wyvern zombie (D:6)
  5 earth elementals
  2 water moccasin zombies
  A troll zombie (Crypt:2)
  4 wights
  30 killer bees
  A raiju zombie (Crypt:2)
  A polar bear skeleton (Crypt:2)
  2 howler monkeys
  3 electric eels
  4 centaur zombies
  3 jellies
  A wyvern simulacrum (Gauntlet)
  15 orc priests
  A bullfrog skeleton (D:7)
  2 hounds
  Crazy Yiuf (D:3)
  10 iron imps (Zig:25)
  An iguana (D:3)
  20 orc wizards
  2 killer bee zombies
  A felid zombie (Crypt:1)
  49 mummies
  5 adders
  A river rat (Lair:2)
  A swamp drake skeleton (Crypt:1)
  20 white imps
  A lava snake zombie (Crypt:1)
  An adder skeleton (D:4)
  5 worms
  A barachi skeleton (Crypt:1)
  2 dart slugs
  55 orcs
  5 ball pythons
  2 bat zombies (Shoals:4)
  3 endoplasms
  2 giant cockroaches (D:1)
  7 goblins
  6 hobgoblins
  6 jackals
  4 quokkas
  3 training dummies (D:5)
  7 bats
  5 frilled lizards
  14 kobolds
  An orc skeleton (Crypt:2)
  8 rats
  6 ball lightnings (Zig:3)
  4 fire vortices (Zig:18)
  8 starspawn tentacles
  9 tentacles
3537 creatures vanquished.

Vanquished Creatures (collateral kills)
  A rockslime (Zig:12)
  A vault warden (Vaults:2)
  An orc warlord (Zig:27)
  An ironbound frostheart (Vaults:2)
  An orb spider (Zig:18)
  An iron dragon simulacrum (Zig:21)
  3 yaks (Lair:1)
  2 wolves (Lair:3)
  A scorpion (D:5)
12 creatures vanquished.

Vanquished Creatures (others)
  A thrashing horror (Zig:11)
  An orc (D:9)
  82 fire vortices
  11 fungi
  145 plants
  6 starspawn tentacles (Zig:15)
  4 tentacles (Shoals:3)
  60 withered plants
310 creatures vanquished.

Grand Total: 3859 creatures vanquished

Notes
Turn   | Place    | Note
-------+----------+-------------------------------------------
     0 | D:1      | vjdl the Gargoyle Earth Elementalist began the quest for
                  | the Orb.
     0 | D:1      | Reached XP level 1. HP: 10/10 MP: 3/3
   122 | D:1      | Reached XP level 2. HP: 15/15 MP: 0/5
   803 | D:2      | Found a faded altar of an unknown god.
   814 | D:2      | You fall into a shaft and drop 1 floor!
   834 | D:3      | Found a runed translucent door.
   888 | D:3      | Reached XP level 3. HP: 19/19 MP: 0/7
   892 | D:3      | Learned a level 3 spell: Stone Arrow
  1135 | D:2      | Reached XP level 4. HP: 15/24 MP: 8/8
  1441 | D:2      | Found a glowing silver altar of Zin.
  1496 | D:2      | Reached skill level 1 in Conjurations
  1531 | D:2      | Reached skill level 5 in Earth Magic
  2430 | D:3      | Reached XP level 5. HP: 28/28 MP: 7/10
  2728 | D:3      | Noticed Crazy Yiuf
  2733 | D:3      | Killed Crazy Yiuf
  2937 | D:4      | Found Ufusowk's Weapon Boutique.
  2939 | D:4      | Noticed a phantom
  2955 | D:4      | Killed a phantom
  2956 | D:4      | Reached XP level 6. HP: 18/32 MP: 6/11
  3372 | D:4      | Noticed Eustachio
  3386 | D:4      | Killed Eustachio
  3387 | D:4      | Reached XP level 7. HP: 28/36 MP: 2/13
  3808 | D:5      | Entered Level 5 of the Dungeon
  3983 | D:5      | Noticed Sigmund
  4017 | D:5      | Killed Sigmund
  4018 | D:5      | Reached skill level 5 in Spellcasting
  4169 | D:5      | Found Edeaxu Ocutz's Firing Range.
  4347 | D:5      | Reached XP level 8. HP: 35/41 MP: 15/15
  4442 | D:5      | Reached skill level 5 in Conjurations
  4637 | D:5      | Identified the +3 robe of Hide-and-Seek {-Tele rCorr
                  | Stlth+}
  5562 | D:6      | Reached skill level 1 in Fighting
  5562 | D:6      | Reached skill level 1 in Armour
  5663 | D:6      | Found a staircase to the Ecumenical Temple.
  5675 | Temple   | Entered the Ecumenical Temple
  5833 | D:6      | Reached skill level 1 in Maces & Flails
  5996 | D:6      | Reached XP level 9. HP: 41/47 MP: 15/18
  6130 | D:7      | Reached skill level 2 in Fighting
  6563 | D:7      | Found Ciwalale's Assorted Antiques.
  6565 | D:7      | Gained mutation: You are robust. (+10% HP) [potion of
                  | mutation]
  6568 | D:7      | Noticed Joseph
  6580 | D:7      | Killed Joseph
  6771 | D:7      | Bought a worn copper wand for 72 gold pieces
  6771 | D:7      | Bought a scroll of identify for 36 gold pieces
  6771 | D:7      | Bought a wooden wand for 72 gold pieces
  6771 | D:7      | Bought a scroll labelled NESTEIHAITH for 18 gold pieces
  6799 | D:7      | Bought a glowing hat for 126 gold pieces
  7047 | D:7      | Identified the +0 pair of gloves "Goehabro" {SInv}
  7361 | D:8      | Reached skill level 3 in Fighting
  7485 | D:8      | Reached skill level 1 in Evocations
  7897 | D:9      | Noticed a two-headed ogre
  7914 | D:9      | Killed a two-headed ogre
  7915 | D:9      | Reached XP level 10. HP: 55/61 MP: 1/20
  8047 | D:9      | Noticed Grum
  8056 | D:9      | Killed Grum
  8077 | D:9      | Noticed a centaur warrior
  8232 | D:9      | Noticed a kobold demonologist
  8234 | D:9      | Noticed a kobold demonologist
  8235 | D:9      | Noticed a kobold demonologist
  8239 | D:9      | Killed a kobold demonologist
  8240 | D:9      | Reached skill level 4 in Fighting
  8247 | D:8      | Killed a kobold demonologist
  8367 | D:9      | Killed a kobold demonologist
  8394 | D:9      | Noticed a boulder beetle
  8514 | D:9      | Killed a centaur warrior
  8552 | D:9      | Identified the +2 leather armour of Omission {MP+9}
  8852 | D:9      | Found Doniloqa's Assorted Antiques.
  8860 | D:9      | Bought a scroll labelled ANERIA AXUXUI for 24 gold pieces
  8860 | D:9      | Bought a scroll labelled QAIDWEQIOG for 24 gold pieces
  8956 | D:9      | Killed a boulder beetle
  8957 | D:9      | Reached skill level 5 in Fighting
  8957 | D:9      | Reached skill level 5 in Armour
  8957 | D:9      | Reached XP level 11. HP: 58/69 MP: 11/21
  9286 | D:9      | Got Uhunailu's Tome of Dislocated Malediction
  9287 | D:9      | Noticed a boulder beetle
  9308 | D:9      | Killed a boulder beetle
  9309 | D:9      | Reached skill level 10 in Earth Magic
  9513 | D:9      | Found Usyph's Lightly-Used Armoury.
  9793 | D:10     | Entered Level 10 of the Dungeon
  9876 | D:10     | Found a stormy altar of Qazlal.
  9891 | D:10     | Found a faded altar of an unknown god.
  9891 | D:10     | Found a hazy altar of Hepliaklqana.
  9891 | D:10     | Found a faded altar of an unknown god.
  9894 | D:10     | Reached skill level 5 in Maces & Flails
  9915 | D:10     | Found a faded altar of an unknown god.
 10050 | D:10     | Found a staircase to the Lair.
 10303 | D:10     | Found an ornate altar of the Wu Jian Council.
 10308 | D:10     | Found a radiant altar of Vehumet.
 10313 | D:10     | Became a worshipper of Vehumet
 10804 | D:11     | Noticed Psyche
 10807 | D:11     | Killed Psyche
 10969 | D:11     | Reached skill level 6 in Fighting
 11014 | D:11     | You fall into a shaft and drop 3 floors!
 11015 | D:14     | Noticed a seven-headed hydra
 11017 | D:14     | Noticed a cyclops
 11031 | D:14     | Killed a seven-headed hydra
 11035 | D:14     | Killed a cyclops
 11036 | D:14     | Reached skill level 5 in Dodging
 11090 | D:14     | Noticed a cyclops
 11090 | D:14     | Noticed a centaur warrior
 11096 | D:14     | Reached * piety under Vehumet
 11096 | D:14     | Offered knowledge of Freeze by Vehumet.
 11098 | D:14     | Killed a centaur warrior
 11098 | D:14     | Killed a cyclops
 11099 | D:14     | Reached XP level 12. HP: 69/78 MP: 17/24
 11358 | D:13     | Noticed a vault guard
 11358 | D:13     | Noticed a vault guard
 11598 | D:11     | Found a staircase to the Orcish Mines.
 11633 | D:11     | Noticed an ogre mage
 11635 | D:11     | Killed an ogre mage
 11676 | D:11     | Reached skill level 5 in Evocations
 11776 | D:11     | Noticed Josephine
 11777 | D:11     | Noticed a storm dragon
 12406 | D:12     | Noticed Maurice
 12409 | D:12     | Noticed Maurice
 12409 | D:12     | Maurice changed into Maurice the water moccasin
 12412 | D:12     | Killed Maurice the water moccasin
 12468 | D:12     | Reached skill level 7 in Fighting
 12886 | D:12     | Noticed a boulder beetle
 12899 | D:12     | Killed a boulder beetle
 13312 | D:13     | Noticed a vault guard
 13313 | D:13     | Found a gate to the Vaults.
 13313 | D:13     | Noticed a vault guard
 13313 | D:13     | Noticed a vault guard
 13313 | D:13     | Noticed a vault guard
 13313 | D:13     | Noticed a vault guard
 13314 | D:13     | Noticed a vault guard
 13322 | D:13     | Killed a vault guard
 13322 | D:13     | Killed a vault guard
 13322 | D:13     | Killed a vault guard
 13322 | D:13     | Killed a vault guard
 13323 | D:13     | Reached XP level 13. HP: 85/85 MP: 25/25
 13325 | D:13     | Killed a vault guard
 13333 | D:13     | Killed a vault guard
 13337 | D:13     | Killed a vault guard
 13338 | D:13     | Killed a vault guard
 13352 | D:13     | Reached skill level 8 in Fighting
 13697 | D:13     | Reached ** piety under Vehumet
 13697 | D:13     | Offered knowledge of Static Discharge by Vehumet.
 13698 | D:13     | Reached skill level 10 in Conjurations
 14398 | D:14     | Found a shadowy altar of Dithmenos.
 14992 | D:11     | Killed Josephine
 14993 | D:11     | Gained mutation: Your large and strong wings let you fly.
                  | [Gargoyle growth]
 14993 | D:11     | Reached XP level 14. HP: 76/92 MP: 20/27
 15056 | D:11     | Reached skill level 9 in Fighting
 15071 | D:11     | Killed a storm dragon
 15071 | D:11     | Offered knowledge of Mephitic Cloud by Vehumet.
 15506 | Lair:1   | Entered Level 1 of the Lair of Beasts
 15602 | Lair:1   | Reached *** piety under Vehumet
 16046 | Lair:1   | Found an ancient bone altar of Kikubaaqudgha.
 16130 | Lair:1   | You are sucked into a shaft and drop 1 floor!
 16207 | Lair:2   | Identified the +3 helmet of the Kettle-Drum {Dex+8}
 16230 | Lair:2   | Noticed philipeq's ghost (journeyman DsFi)
 16232 | Lair:2   | Found a bloodstained altar of Trog.
 16244 | Lair:2   | Found a transporter.
 16406 | Lair:2   | Offered knowledge of Sticky Flame by Vehumet.
 16467 | Lair:2   | Found a hole to the Spider Nest.
 16860 | Lair:2   | Found a transporter.
 17086 | Lair:2   | Reached **** piety under Vehumet
 17355 | Lair:2   | Offered knowledge of Lee's Rapid Deconstruction by Vehumet.
 17370 | Lair:2   | Learned a level 5 spell: Lee's Rapid Deconstruction
 17443 | Lair:2   | Reached skill level 10 in Spellcasting
 17480 | Lair:2   | Learned a level 6 spell: Starburst
 17881 | Lair:2   | Reached skill level 1 in Fire Magic
 18099 | Lair:3   | Reached ***** piety under Vehumet
 18099 | Lair:3   | Offered knowledge of Freezing Cloud by Vehumet.
 18758 | Lair:3   | Noticed Rupert
 18770 | Lair:3   | Paralysed by Rupert for 5 turns
 18784 | Lair:3   | Killed Rupert
 18785 | Lair:3   | Reached XP level 15. HP: 17/101 MP: 29/29
 19437 | Lair:4   | Found a gate leading to a gauntlet.
 19452 | Gauntlet | Entered a Gauntlet
 19452 | Gauntlet | Found a transporter.
 19466 | Gauntlet | Found a transporter.
 19467 | Gauntlet | Found a transporter.
 19480 | Gauntlet | Found a transporter.
 19481 | Gauntlet | Found a transporter.
 19488 | Gauntlet | Found a transporter.
 19509 | Gauntlet | Found a transporter.
 19511 | Gauntlet | Found the +2 hat of the Bear Spirit {Spirit, +Rage rN+
                  | Will++}
 19519 | Gauntlet | Found a transporter.
 19530 | Gauntlet | Found a transporter.
 19549 | Gauntlet | Found a transporter.
 19563 | Gauntlet | Found a transporter.
 19563 | Gauntlet | Found a transporter.
 19630 | Gauntlet | Found a transporter.
 19633 | Gauntlet | Found a transporter.
 19725 | Gauntlet | Reached skill level 10 in Fighting
 20643 | Lair:4   | Found a staircase to the Shoals.
 21206 | Lair:5   | Offered knowledge of Fulminant Prism by Vehumet.
 21776 | Lair:6   | Entered Level 6 of the Lair of Beasts
 22146 | Lair:6   | Reached skill level 5 in Fire Magic
 22663 | Lair:6   | Found a viscous altar of Jiyva.
 22663 | Lair:6   | Found a staircase to the Slime Pits.
 23248 | Lair:6   | Identified the +2 ring mail of Fashionability {SInv}
 23515 | Orc:1    | Entered Level 1 of the Orcish Mines
 23583 | Orc:1    | Reached XP level 16. HP: 108/108 MP: 30/30
 23611 | Orc:1    | Offered knowledge of Irradiate by Vehumet.
 23618 | Orc:1    | Learned a level 5 spell: Irradiate
 23693 | Orc:1    | Found Daopa's Book Shop.
 23795 | Orc:1    | Noticed Erica
 23933 | Orc:1    | Killed Erica
 23971 | Orc:1    | Found a frozen archway.
 23989 | IceCv    | Entered an ice cave
 24627 | IceCv    | Reached skill level 10 in Maces & Flails
 25331 | Orc:2    | Entered Level 2 of the Orcish Mines
 25331 | Orc:2    | Noticed Saint Roka
 25370 | Orc:2    | Noticed Nessos
 25376 | Orc:2    | Offered knowledge of Bolt of Magma by Vehumet.
 25379 | Orc:2    | Killed Nessos
 25395 | Orc:2    | Killed Saint Roka
 25396 | Orc:2    | Reached skill level 11 in Fighting
 25517 | Orc:1    | Learned a level 5 spell: Bolt of Magma
 25650 | Orc:2    | Found a staircase to the Elven Halls.
 25684 | Orc:2    | Noticed Jorgrun
 25695 | Orc:2    | Killed Jorgrun
 25951 | Orc:2    | Noticed Erolcha
 25957 | Orc:2    | Noticed Donald
 25959 | Orc:2    | Killed Erolcha
 25996 | Orc:2    | Killed Donald
 26579 | Orc:2    | Found a runed translucent gate.
 26579 | Orc:2    | Found a runed translucent gate.
 26579 | Orc:2    | Found a runed translucent gate.
 26579 | Orc:2    | Identified the +5 ring mail of Hubris {Fly Dex+3}
 26579 | Orc:2    | Noticed mokwee's ghost (journeyman OpVM)
 26585 | Orc:2    | Found an iron altar of Okawaru.
 27091 | Orc:2    | Found Biampanwoi's Magic Scroll Shop.
 27091 | Orc:2    | Found Tuguacs's Antique Armour Shop.
 27092 | Orc:2    | Found Supt's Distillery.
 27093 | Orc:2    | Found Velinear's Book Emporium.
 27224 | Orc:2    | Bought a book of Iron for 396 gold pieces
 27231 | Orc:2    | Learned a level 6 spell: Iron Shot
 27239 | Orc:2    | Bought a potion of curing for 48 gold pieces
 27239 | Orc:2    | Bought a potion of heal wounds for 80 gold pieces
 27239 | Orc:2    | Bought a potion of invisibility for 128 gold pieces
 27239 | Orc:2    | Bought a potion of resistance for 160 gold pieces
 27239 | Orc:2    | Bought 2 potions of haste for 320 gold pieces
 27239 | Orc:2    | Bought a potion of mutation for 128 gold pieces
 27239 | Orc:2    | Bought 2 potions of curing for 96 gold pieces
 27239 | Orc:2    | Bought a potion of heal wounds for 80 gold pieces
 27239 | Orc:2    | Bought a potion of heal wounds for 80 gold pieces
 27239 | Orc:2    | Bought a potion of haste for 160 gold pieces
 27560 | D:15     | Entered Level 15 of the Dungeon
 27768 | D:15     | Found a staircase to the Depths.
 27885 | D:15     | Found a bloodstained altar of Trog.
 28905 | Spider:1 | Entered Level 1 of the Spider Nest
 28912 | Spider:1 | Reached XP level 17. HP: 114/114 MP: 32/32
 28913 | Spider:1 | Reached ****** piety under Vehumet
 28924 | Spider:1 | Offered knowledge of Lightning Bolt by Vehumet.
 29865 | Spider:2 | You are sucked into a shaft and drop 1 floor!
 29878 | Spider:3 | Offered knowledge of Conjure Ball Lightning by Vehumet.
 30339 | Spider:3 | Identified a scroll of acquirement
 30830 | Spider:4 | Entered Level 4 of the Spider Nest
 30978 | Spider:4 | Noticed Roxanne
 30985 | Spider:4 | Killed Roxanne
 31182 | Spider:4 | Noticed Louise
 31202 | Spider:4 | Killed Louise
 31486 | Spider:4 | Reached skill level 10 in Evocations
 31501 | Spider:3 | Acquired Qecsusch's Catalogue of the Rocks and Conjuration
 31652 | Spider:4 | Reached skill level 12 in Fighting
 31674 | Spider:4 | Noticed Arachne
 31696 | Spider:4 | Killed Arachne
 31697 | Spider:4 | Reached XP level 18. HP: 113/123 MP: 11/33
 31790 | Spider:4 | Reached skill level 10 in Fire Magic
 32566 | Spider:4 | Got a gossamer rune of Zot
 33021 | Spider:4 | Found a runed translucent door.
 33021 | Spider:4 | Noticed Wuememae's ghost (adept HOFi)
 33139 | Shoals:1 | Entered Level 1 of the Shoals
 33140 | Shoals:1 | Upgraded the game from 0.28-a0-69-g49dcd67cf8 to
                  | 0.28-a0-71-g84acfa7270
 33207 | Shoals:1 | Offered knowledge of Orb of Destruction by Vehumet.
 34281 | Shoals:1 | Learned a level 8 spell: Ignition
 35290 | Shoals:3 | Offered knowledge of Shatter by Vehumet.
 35290 | Shoals:3 | Offered knowledge of Chain Lightning by Vehumet.
 35290 | Shoals:3 | Offered knowledge of Maxwell's Capacitive Coupling by
                  | Vehumet.
 35291 | Shoals:3 | Reached XP level 19. HP: 36/127 MP: 34/34
 35695 | Shoals:3 | Found Guesoses's Antique Weapon Boutique.
 35700 | Shoals:3 | Bought a smoking flail for 331 gold pieces
 35700 | Shoals:3 | Identified the +12 flail "Beastslayer" {venom, Drain +Blink
                  | rN+} (You bought it in a shop on level 3 of the Shoals)
 36087 | Shoals:4 | Entered Level 4 of the Shoals
 36345 | Shoals:4 | Reached skill level 15 in Fire Magic
 36725 | Shoals:4 | Identified the +0 leather armour "Joovio" {Int+4}
 37061 | Shoals:4 | Found Pybei's Distillery.
 37185 | Shoals:4 | Reached skill level 10 in Dodging
 37185 | Shoals:4 | Reached skill level 15 in Earth Magic
 37484 | Shoals:4 | Got a barnacled rune of Zot
 37542 | Shoals:4 | Bought a potion of curing for 51 gold pieces
 37542 | Shoals:4 | Bought a potion of magic for 136 gold pieces
 37542 | Shoals:4 | Bought a potion of brilliance for 68 gold pieces
 37542 | Shoals:4 | Bought a potion of curing for 51 gold pieces
 37542 | Shoals:4 | Bought a potion of mutation for 136 gold pieces
 37542 | Shoals:4 | Bought a potion of ambrosia for 136 gold pieces
 37542 | Shoals:4 | Bought a potion of resistance for 170 gold pieces
 38124 | Vaults:1 | Entered Level 1 of the Vaults
 38395 | Vaults:1 | Reached XP level 20. HP: 84/135 MP: 15/36
 40787 | Vaults:2 | Reached skill level 13 in Fighting
 40976 | Vaults:2 | Acquired 639 gold pieces
 41297 | Vaults:2 | Identified the +8 mace "Impslayer" {pain, +Blink rF- Str+4}
 41544 | Vaults:2 | Found Bazecsum's General Store.
 41549 | Vaults:2 | Bought the +4 pair of boots of the Garden {rC+} for 577
                  | gold pieces
 41571 | Vaults:2 | Bought a scroll of enchant armour for 112 gold pieces
 41571 | Vaults:2 | Bought a potion of cancellation for 120 gold pieces
 41571 | Vaults:2 | Bought a potion of brilliance for 60 gold pieces
 42329 | Elf:1    | Entered Level 1 of the Elven Halls
 42335 | Elf:1    | Reached XP level 21. HP: 141/141 MP: 37/37
 42853 | Elf:1    | Paralysed by an air elemental for 1 turns
 42903 | Elf:1    | Found Liask's General Store.
 42909 | Elf:1    | Bought 2 potions of curing for 84 gold pieces
 42909 | Elf:1    | Bought a scroll of teleportation for 42 gold pieces
 42909 | Elf:1    | Bought 3 scrolls of magic mapping for 147 gold pieces
 44180 | Elf:2    | Found a radiant altar of Vehumet.
 44497 | Elf:2    | Found a runed translucent gate.
 44497 | Elf:2    | Found a runed translucent gate.
 44497 | Elf:2    | Found a runed translucent gate.
 44756 | Elf:3    | Entered Level 3 of the Elven Halls
 44756 | Elf:3    | Found Sajaetew's Distillery.
 44813 | Elf:3    | Noticed Mara
 45052 | Elf:3    | Found a gateway to a bazaar.
 45054 | Elf:3    | Noticed vjdl's illusion
 45171 | Elf:3    | Killed Mara
 45176 | Elf:3    | Found Umirraliru's Antique Armour Emporium.
 45183 | Elf:3    | Found Rushrinnu's Armour Emporium.
 45317 | Elf:3    | Found Qedyuxti's Armour Shoppe.
 46003 | Elf:3    | Identified the ring "Obrudd" {+Blink rF+ AC+4 Int+3}
 46012 | Elf:3    | Reached XP level 22. HP: 91/149 MP: 39/39
 46020 | Elf:3    | Reached skill level 14 in Fighting
 46218 | Elf:3    | Identified the ring "Odiagas" {Ice rPois Str-4 Dex+4}
 46260 | Elf:3    | Identified the +10 arbalest of Uncomfortable Rashes
                  | {vorpal, rN+ Str+4}
 46263 | Elf:3    | Got the Disquisition on the Doomed Frostbite
 46434 | Bazaar   | Entered a bazaar
 46440 | Bazaar   | Found Juddiene's Magic Scroll Shop.
 46440 | Bazaar   | Found Rupnicy's Jewellery Boutique.
 46452 | Bazaar   | Bought a scroll of magic mapping for 38 gold pieces
 46452 | Bazaar   | Bought a scroll of teleportation for 33 gold pieces
 47025 | Vaults:3 | Reached skill level 15 in Conjurations
 47484 | Vaults:3 | Found a staircase to the Crypt.
 47644 | Vaults:3 | Paralysed by a great orb of eyes for 4 turns
 48399 | Vaults:4 | Learned a level 9 spell: Shatter
 48613 | Vaults:4 | Acquired 1119 gold pieces
 48867 | Vaults:4 | Paralysed by a sphinx for 3 turns
 48883 | Vaults:4 | Reached XP level 23. HP: 133/157 MP: 36/40
 49178 | Vaults:4 | Found the +18 shield of the Gong {rElec rN+ Will+ EV-5}
 49681 | Vaults:5 | Entered Level 5 of the Vaults
 49698 | Vaults:5 | Identified the amulet "Wouwn" {Spirit rPois rN+ Str+4
                  | Slay+3}
 49698 | Vaults:5 | Noticed a golden dragon
 49705 | Vaults:5 | Killed a golden dragon
 49708 | Vaults:5 | Reached skill level 15 in Fighting
 49723 | Vaults:5 | Identified the +4 great sword of Extremism {elec, rC+ rN+
                  | Str+2}
 50053 | Vaults:5 | HP: 5/153 [shadow dragon/bolt of negative energy (11)]
 50054 | Vaults:5 | Reached XP level 24. HP: 5/164 MP: 29/41
 50057 | Vaults:5 | HP: 2/166 [tengu reaver/bolt of fire (14)]
 50198 | Vaults:5 | Noticed a dread lich
 50203 | Vaults:5 | Killed a dread lich
 50525 | Vaults:5 | Identified the +1 robe "Rocethu" {Slay+3}
 50702 | Vaults:5 | Identified the ring "Xuakegan" {rC- MP+9 Int+5 Dex+3}
 50940 | Vaults:5 | Got a silver rune of Zot
 51116 | Vaults:5 | Identified the ring "Nekojuse" {Fire Str-5 Int+2 SInv}
 51140 | Vaults:5 | Identified the ring "Gixoeq" {rC+ rCorr AC+4 Int+2}
 51338 | Crypt:1  | Entered Level 1 of the Crypt
 51712 | Crypt:1  | You are sucked into a shaft and drop 1 floor!
 52256 | Crypt:1  | Reached XP level 25. HP: 172/172 MP: 37/41
 52303 | Crypt:1  | Found the +4 Cigotuvi's embrace {rMiasma Drain rN+}
 52313 | Crypt:1  | Identified the +0 plate armour "Emooripy" {Dex+2}
 52595 | Crypt:2  | Found an ancient bone altar of Kikubaaqudgha.
 52806 | Crypt:3  | Entered Level 3 of the Crypt
 53584 | Crypt:3  | Reached skill level 16 in Fighting
 53940 | Crypt:3  | Found an ancient bone altar of Kikubaaqudgha.
 53942 | Crypt:3  | Noticed a dread lich
 53946 | Crypt:3  | Noticed an ancient lich
 53948 | Crypt:3  | Killed a dread lich
 53948 | Crypt:3  | Killed an ancient lich
 53949 | Crypt:3  | Reached skill level 15 in Maces & Flails
 53958 | Crypt:3  | Identified the ring of Elyvilon's Reproof {+Blink rElec rF+
                  | Dex-2 Stlth+}
 53974 | Crypt:3  | Noticed a dread lich
 53976 | Crypt:3  | Killed a dread lich
 54264 | Crypt:3  | Identified the +1 robe "Ewnenn" {Will- rCorr Slay+5 Stlth+}
 54434 | Crypt:3  | Found the +5 scythe "Finisher" {speed, eviscerate}
 54445 | Crypt:3  | Found a staircase to the Tomb.
 54450 | Crypt:3  | Identified the +3 robe of Noughts and Crosses {rF+ Stlth+}
 54842 | Depths:1 | Entered Level 1 of the Depths
 55022 | Depths:1 | Found a hide-covered altar of Uskayaw.
 55031 | Depths:1 | Reached skill level 15 in Spellcasting
 55036 | Depths:1 | Found a gateway to a ziggurat.
 55226 | Depths:1 | Found a gateway to Hell.
 55867 | Depths:2 | Reached XP level 26. HP: 156/180 MP: 42/42
 56212 | Depths:2 | Found Anlouh's Book Shoppe.
 56213 | Depths:2 | Found Ishrapti's Jewellery Boutique.
 56214 | Depths:2 | Found Jaonaikh's Book Shoppe.
 56222 | Depths:2 | Bought a Necronomicon for 728 gold pieces
 56341 | Depths:2 | Found a one-way gate leading to the halls of Pandemonium.
 56393 | Depths:2 | Found a one-way gate to the infinite horrors of the Abyss.
 56939 | Depths:3 | Acquired 885 gold pieces
 57497 | Depths:3 | Found Patox's Distillery.
 57506 | Depths:3 | Bought a potion of curing for 57 gold pieces
 57506 | Depths:3 | Bought a potion of haste for 190 gold pieces
 57506 | Depths:3 | Bought a potion of curing for 57 gold pieces
 57506 | Depths:3 | Bought a potion of brilliance for 76 gold pieces
 57506 | Depths:3 | Bought a potion of mutation for 152 gold pieces
 57506 | Depths:3 | Bought 2 potions of brilliance for 152 gold pieces
 57506 | Depths:3 | Bought a potion of curing for 57 gold pieces
 58326 | Depths:4 | Noticed Margery
 58327 | Depths:4 | Reached skill level 17 in Fighting
 58328 | Depths:4 | Killed Margery
 58498 | Depths:4 | Found a large runed translucent door.
 58517 | Depths:4 | Found a radiant altar of Vehumet.
 58604 | Depths:4 | Found a large runed translucent door.
 58607 | Depths:4 | Found a large runed translucent door.
 58608 | Depths:4 | Found a large runed translucent door.
 58609 | Depths:4 | Found a large runed translucent door.
 58615 | Depths:4 | Found a large runed translucent door.
 58615 | Depths:4 | Found a large runed translucent door.
 58848 | Depths:4 | Found a large runed translucent door.
 59055 | Depths:4 | Paralysed by a sphinx for 2 turns
 59427 | Depths:5 | Entered Level 5 of the Depths
 59429 | Depths:5 | Reached XP level 27. HP: 189/189 MP: 42/42
 60655 | Depths:5 | Found a gate to the Realm of Zot.
 60736 | Depths:4 | Found Wodok's Armour Boutique.
 60875 | Depths:5 | Learned a level 8 spell: Necromutation
 61238 | Slime:1  | Entered Level 1 of the Pits of Slime
 61274 | Slime:2  | Reached skill level 1 in Transmutations
 61327 | Slime:3  | Reached skill level 1 in Necromancy
 61368 | Slime:5  | Entered Level 5 of the Pits of Slime
 61755 | Slime:5  | Noticed the Royal Jelly
 61756 | Slime:5  | Reached skill level 18 in Fighting
 61901 | Slime:5  | Killed the Royal Jelly
 61918 | Slime:5  | Gained mutation: Your mind is acute. (Int +2) [a shining
                  | eye]
 61941 | Slime:5  | Identified the amulet of Gin and Tonic {*Corrode rElec
                  | Regen+ SInv}
 61945 | Slime:5  | Got a slimy rune of Zot
 61976 | Slime:5  | Identified the +6 hand axe of the Last Spirits {drain, rN+}
 61984 | Slime:5  | Identified the ring of Qosk {Dex+6 Stlth+}
 62039 | Slime:5  | Identified the amulet "Zagor" {Spirit Harm rN+ Slay-2}
 62656 | Zig:1    | Entered Level 1 of a ziggurat
 62675 | Zig:2    | Entered Level 2 of a ziggurat
 62695 | Zig:2    | Identified the +9 morningstar of Verai {drain, rPois Str+3
                  | Int+3}
 62701 | Zig:3    | Entered Level 3 of a ziggurat
 62753 | Zig:4    | Entered Level 4 of a ziggurat
 62768 | Zig:4    | Identified the +6 trident of Tension {vorpal, Fragile
                  | +Blink rPois Dex+5}
 62774 | Zig:4    | Reached skill level 5 in Necromancy
 62782 | Zig:4    | Identified the +8 tower shield of the Ditch-Digger {+Inv
                  | rF+ Str-2 Dex+7}
 62865 | Zig:5    | Entered Level 5 of a ziggurat
 62950 | Zig:6    | Entered Level 6 of a ziggurat
 62995 | Zig:7    | Entered Level 7 of a ziggurat
 63010 | Zig:7    | Found the +3 giant club "Skullcrusher" {speed, Str+7}
 63022 | Zig:7    | Identified the +6 long sword of the Priest {flame, rPois}
 63057 | Zig:8    | Entered Level 8 of a ziggurat
 63081 | Zig:8    | Identified the +6 scale mail "Boaxeru" {Will++ Int-4
                  | Slay+4}
 63092 | Zig:9    | Entered Level 9 of a ziggurat
 63120 | Zig:9    | Identified the ring "Xysoc" {rPois Will- rCorr EV+4}
 63128 | Zig:10   | Entered Level 10 of a ziggurat
 63134 | Zig:10   | Noticed a royal mummy
 63138 | Zig:10   | Killed a royal mummy
 63275 | Zig:10   | Identified the +7 flail "Finiyrgh" {speed, *Noise rElec rN+
                  | Str+4}
 63281 | Zig:10   | Identified the +1 scale mail of Compression {rPois rF+}
 63288 | Zig:11   | Entered Level 11 of a ziggurat
 63299 | Zig:11   | Reached skill level 15 in Dodging
 63332 | Zig:11   | Acquired 485 gold pieces
 63347 | Zig:11   | Learned a level 9 spell: Fire Storm
 63450 | Zig:12   | Entered Level 12 of a ziggurat
 63467 | Zig:12   | Reached skill level 5 in Transmutations
 63544 | Zig:12   | Identified the +7 morningstar "Zihom" {holy, rPois rC- rN+}
 63549 | Zig:12   | Identified the +3 leather armour of the Well-Known Deaths
                  | {+Inv Str-5 SInv}
 63556 | Zig:12   | Got Gemup's Volume of Air
 63559 | Zig:13   | Entered Level 13 of a ziggurat
 63591 | Zig:13   | Identified the ring of the Falcon {rPois Str+6 SInv}
 63601 | Zig:13   | Identified the +8 long sword of Fragile Peace {venom, Drain
                  | rPois rF+ Will+}
 63606 | Zig:13   | Identified the ring of Incredulity {Will+ SInv}
 63642 | Zig:14   | Entered Level 14 of a ziggurat
 63652 | Zig:14   | Noticed Upeivuug the pandemonium lord
 63652 | Zig:14   | Noticed Byafaero the pandemonium lord
 63655 | Zig:14   | Noticed Ceapt the pandemonium lord
 63657 | Zig:14   | Killed Upeivuug the pandemonium lord
 63658 | Zig:14   | Killed Ceapt the pandemonium lord
 63660 | Zig:14   | Noticed Saawne the pandemonium lord
 63661 | Zig:14   | Reached skill level 19 in Fighting
 63666 | Zig:14   | Killed Byafaero the pandemonium lord
 63668 | Zig:14   | Killed Saawne the pandemonium lord
 63719 | Zig:14   | Identified the ring "Olugheit" {Wiz +Blink rN+ Will+ Int+2}
 63741 | Zig:15   | Entered Level 15 of a ziggurat
 63764 | Zig:15   | Found the +27 Lear's hauberk
 63804 | Zig:16   | Entered Level 16 of a ziggurat
 63955 | Zig:17   | Entered Level 17 of a ziggurat
 63993 | Zig:17   | Reached skill level 10 in Necromancy
 63995 | Zig:17   | Identified the amulet "Vupexkob" {Faith rElec rF+ Dex-3}
 64003 | Zig:17   | Got the Volume of the Unstable Escort
 64004 | Zig:17   | Identified the +9 short sword of Imminent Death {vorpal,
                  | *Rage rC++ Int-5 Dex+2}
 64006 | Zig:17   | Identified the +8 hand axe of Battle {protect, +Blink}
 64050 | Zig:18   | Entered Level 18 of a ziggurat
 64232 | Zig:18   | Identified the ring "Xeru" {Fire Contam rPois Int+2}
 64236 | Zig:18   | Identified the ring of the Final Chapter {rF+ Str+6}
 64253 | Zig:18   | Identified the ring of Rixkusou {rPois rC+ Int-5 SInv}
 64259 | Zig:19   | Entered Level 19 of a ziggurat
 64265 | Zig:19   | Noticed an ancient lich
 64266 | Zig:19   | Noticed an ancient lich
 64267 | Zig:19   | Noticed a dread lich
 64270 | Zig:19   | Noticed a dread lich
 64271 | Zig:19   | Paralysed by a sphinx for 7 turns
 64277 | Zig:19   | HP: 7/194 [golden dragon (9)]
 64278 | Zig:19   | Killed an ancient lich
 64278 | Zig:19   | Killed an ancient lich
 64278 | Zig:19   | Killed a dread lich
 64286 | Zig:19   | Killed a dread lich
 64421 | Zig:19   | Identified the +0 robe of the Villain {Str-3 Dex+9}
 64431 | Zig:20   | Entered Level 20 of a ziggurat
 64445 | Zig:20   | Found the ring of Shadows {Umbra +Inv Stlth+}
 64479 | Zig:20   | Identified the +6 whip "Laolus" {venom, Dex+2}
 64484 | Zig:20   | Identified the +1 plate armour of Whack-A-Mole {Str+2}
 64506 | Zig:20   | Identified the +3 long sword of Noon {vorpal, Dex+5}
 64521 | Zig:21   | Entered Level 21 of a ziggurat
 64722 | Zig:21   | Found the +7 captain's cutlass {speed, disarm}
 64731 | Zig:21   | Identified the amulet "Qicumnakkeu" {Acrobat Rampage Str+2}
 64736 | Zig:21   | Identified the +9 spear "Archuch" {vorpal, rN+ Int+3
                  | Stlth+}
 64743 | Zig:21   | Identified the ring of Jodydd {rPois rN+ Will+ Int+5
                  | Stlth-}
 64751 | Zig:21   | Identified the ring of Okawaru's Reproof {rPois rC+ rN+}
 64759 | Zig:22   | Entered Level 22 of a ziggurat
 64775 | Zig:22   | Reached skill level 15 in Necromancy
 64775 | Zig:22   | Noticed Loudiah the pandemonium lord
 64784 | Zig:22   | Reached skill level 10 in Transmutations
 64784 | Zig:22   | Killed Loudiah the pandemonium lord
 64926 | Zig:22   | Identified the -7 kite shield of the Big Bang {rPois Str+4}
 64929 | Zig:22   | Identified the +9 lajatang of Uskayaw's Vengeance {chaos,
                  | Dex+7 SInv}
 64941 | Zig:22   | Identified the ring of the Pariah {rPois Str+6 Int+5 SInv}
 64946 | Zig:22   | Identified the +1 ring mail of Parts Unknown {+Inv Int+4}
 64957 | Zig:22   | Identified the +3 chain mail "Trusted Companion" {rPois rF+
                  | rC+++ Int-2}
 64958 | Zig:22   | Identified the ring "Bimirr" {Ice Str+7 Dex-3 Slay+2}
 64962 | Zig:22   | Identified the +6 great sword "Ruimot" {protect, Stlth+}
 64967 | Zig:23   | Entered Level 23 of a ziggurat
 64975 | Zig:23   | Noticed a dread lich
 64976 | Zig:23   | Noticed an ancient lich
 64979 | Zig:23   | Noticed a dread lich
 64979 | Zig:23   | Noticed an ancient lich
 64980 | Zig:23   | Reached skill level 20 in Fighting
 64980 | Zig:23   | Killed an ancient lich
 64980 | Zig:23   | Killed a dread lich
 64981 | Zig:23   | Killed a dread lich
 64981 | Zig:23   | Noticed an ancient lich
 64982 | Zig:23   | Killed an ancient lich
 64984 | Zig:23   | Killed an ancient lich
 64985 | Zig:23   | Noticed an ancient lich
 64987 | Zig:23   | Killed an ancient lich
 65013 | Zig:23   | Acquired 1074 gold pieces
 65014 | Zig:23   | Acquired the amulet "Ajumausm" {RegenMP Drain rC++ SInv}
 65027 | Zig:23   | Identified the amulet of Fragile Peace {RegenMP Str+4}
 65033 | Zig:23   | Identified the +5 scale mail of the Imp {rC+}
 65041 | Zig:23   | Identified the amulet of Past Mistakes {-Tele rElec rF+
                  | Regen+ rCorr}
 65049 | Zig:23   | Identified the +10 arbalest of Dim Light {speed, rPois}
 65062 | Zig:23   | Acquired 354 gold pieces
 65088 | Zig:24   | Entered Level 24 of a ziggurat
 65113 | Zig:24   | Reached skill level 21 in Fighting
 65296 | Zig:24   | Got the Tome of Noxious Feathers
 65302 | Zig:24   | Identified the +8 falchion "Ugiyme Duoji" {vorpal, Dex+2
                  | SInv}
 65307 | Zig:24   | Identified the +10 war axe "Zagobiv" {spect, Contam rElec
                  | rF- Int+6}
 65312 | Zig:24   | Got the Collected Works on Necromancy
 65343 | Zig:24   | Learned a level 9 spell: Polar Vortex
 65344 | Zig:25   | Entered Level 25 of a ziggurat
 65359 | Zig:25   | Reached skill level 1 in Ice Magic
 65743 | Zig:25   | Acquired 592 gold pieces
 65756 | Zig:26   | Entered Level 26 of a ziggurat
 65788 | Zig:26   | Reached skill level 22 in Fighting
 65889 | Zig:26   | Identified the ring of Hiozuirch {+Blink EV+4 Int+8 Dex-4}
 65897 | Zig:26   | Reached skill level 10 in Ice Magic
 65903 | Zig:26   | Identified the amulet of the Louse {Faith rN+ Str+3}
 65909 | Zig:26   | Identified the amulet of Amelioration {Faith +Inv rPois rF-
                  | SInv}
 65923 | Zig:26   | Identified the +1 robe of Udaph {+Inv rF+ Int-5}
 65936 | Zig:27   | Entered Level 27 of a ziggurat
 65942 | Zig:27   | Noticed a juggernaut
 65944 | Zig:27   | Noticed a juggernaut
 65947 | Zig:27   | Noticed a juggernaut
 65947 | Zig:27   | Noticed a juggernaut
 65948 | Zig:27   | Noticed a juggernaut
 65948 | Zig:27   | Noticed a juggernaut
 65950 | Zig:27   | Noticed a juggernaut
 65950 | Zig:27   | Killed a juggernaut
 65950 | Zig:27   | Noticed a juggernaut
 65951 | Zig:27   | Killed a juggernaut
 65951 | Zig:27   | Killed a juggernaut
 65951 | Zig:27   | Killed a juggernaut
 65952 | Zig:27   | Killed a juggernaut
 65952 | Zig:27   | Noticed a juggernaut
 65953 | Zig:27   | Killed a juggernaut
 65953 | Zig:27   | Noticed a juggernaut
 65953 | Zig:27   | Noticed a juggernaut
 65954 | Zig:27   | Killed a juggernaut
 65954 | Zig:27   | Noticed a juggernaut
 65956 | Zig:27   | Killed a juggernaut
 65957 | Zig:27   | Killed a juggernaut
 65957 | Zig:27   | Noticed a juggernaut
 65958 | Zig:27   | Killed a juggernaut
 65958 | Zig:27   | Killed a juggernaut
 65959 | Zig:27   | Killed a juggernaut
 65962 | Zig:27   | Killed a juggernaut
 65996 | Zig:27   | Identified the +0 helmet of Ituguim {rElec Will+}
 66002 | Zig:27   | Identified the +9 falchion of Vanity {vorpal, Int+3}
 66003 | Zig:27   | Identified the ring "Inilox" {rElec rC+ rCorr Str+6}
 66196 | Zig:1    | Entered Level 1 of a ziggurat
 66226 | Zig:2    | Entered Level 2 of a ziggurat
 66268 | Zig:3    | Entered Level 3 of a ziggurat
 66271 | Zig:3    | Noticed Uclupixe the pandemonium lord
 66275 | Zig:3    | Killed Uclupixe the pandemonium lord
 66415 | Zig:4    | Entered Level 4 of a ziggurat
 66420 | Zig:4    | Reached skill level 23 in Fighting
 66440 | Zig:4    | Learned a level 9 spell: Death's Door
 66457 | Zig:5    | Entered Level 5 of a ziggurat
 66478 | Zig:5    | Identified the +8 great sword of Righteous Fury {flame,
                  | rElec rC+ Dex+4}
 66494 | Zig:6    | Entered Level 6 of a ziggurat
 66501 | Zig:6    | Noticed Gima the pandemonium lord
 66509 | Zig:6    | Killed Gima the pandemonium lord
 66808 | Zig:6    | Identified the +8 dire flail of Outrage {vamp, rC+ Will++
                  | Dex-2}
 66816 | Zig:7    | Entered Level 7 of a ziggurat
 66821 | Zig:7    | Noticed a juggernaut
 66828 | Zig:7    | Killed a juggernaut
 66832 | Zig:7    | Found the +8 orange crystal plate armour {Archmagi, Int+3
                  | Clar}
 66844 | Zig:7    | Identified the amulet "Boycka Ontum" {rElec rN+ Regen+
                  | Slay+2}
 66859 | Zig:8    | Entered Level 8 of a ziggurat
 66864 | Zig:8    | Found the +5 robe of Misfortune {Contam Harm *Corrode Drain
                  | *Slow EV+5}
 66864 | Zig:8    | Noticed an ancient lich
 66865 | Zig:8    | Noticed a dread lich
 66867 | Zig:8    | Noticed a dread lich
 66869 | Zig:8    | Killed a dread lich
 66870 | Zig:8    | Killed an ancient lich
 66870 | Zig:8    | Killed a dread lich
 66871 | Zig:8    | Reached skill level 15 in Ice Magic
 66892 | Zig:8    | Identified the +8 kite shield of the Land of Plenty {+Blink
                  | Fly Dex+4}
 66902 | Zig:9    | Entered Level 9 of a ziggurat
 66910 | Zig:9    | Noticed Ohilihix the pandemonium lord
 66911 | Zig:9    | Noticed Kezaidee the pandemonium lord
 66916 | Zig:9    | Killed Ohilihix the pandemonium lord
 66918 | Zig:9    | Killed Kezaidee the pandemonium lord
 67419 | Zig:9    | Identified the ring of the Glowing Madman {rN+ Str+4 Int+4}
 67428 | Zig:10   | Entered Level 10 of a ziggurat
 67434 | Zig:10   | Noticed an ancient lich
 67439 | Zig:10   | Reached skill level 24 in Fighting
 67440 | Zig:10   | Killed an ancient lich
 67471 | Zig:10   | Identified the +1 leather armour of Sena {rF+}
 67479 | Zig:10   | Identified the ring "Vyntapn" {Fly Int+5 Stlth+}
 67482 | Zig:10   | Identified the +1 chain mail "Ushrez Cota" {Str+2}
 67489 | Zig:11   | Entered Level 11 of a ziggurat
 67516 | Zig:11   | Identified the +9 fustibalus of Koirosk {venom, rElec
                  | Will+}
 67524 | Zig:11   | Identified the +1 plate armour of Gestures {Harm Will++
                  | Str+2 Stlth-}
 67537 | Zig:11   | Identified the +0 cloak "Dudolliyqe" {rN+}
 67542 | Zig:11   | Identified the +3 morningstar of Diet Blood {flame, +Blink
                  | rCorr Str+4}
 67555 | Zig:12   | Entered Level 12 of a ziggurat
 67563 | Zig:12   | Noticed a royal mummy
 67566 | Zig:12   | Noticed a royal mummy
 67572 | Zig:12   | Killed a royal mummy
 67574 | Zig:12   | Found the brooch of Shielding {Spirit SH+8}
 67574 | Zig:12   | Killed a royal mummy
 67868 | Zig:13   | Entered Level 13 of a ziggurat
 67874 | Zig:13   | Noticed a royal mummy
 67876 | Zig:13   | Noticed a royal mummy
 67876 | Zig:13   | Noticed a royal mummy
 67877 | Zig:13   | Noticed a royal mummy
 67877 | Zig:13   | Noticed a royal mummy
 67879 | Zig:13   | Noticed a royal mummy
 67881 | Zig:13   | Noticed a royal mummy
 67881 | Zig:13   | Noticed a royal mummy
 67885 | Zig:13   | Killed a royal mummy
 67885 | Zig:13   | Killed a royal mummy
 67885 | Zig:13   | Killed a royal mummy
 67885 | Zig:13   | Killed a royal mummy
 67885 | Zig:13   | Killed a royal mummy
 67885 | Zig:13   | Killed a royal mummy
 67886 | Zig:13   | Killed a royal mummy
 67887 | Zig:13   | Killed a royal mummy
 67965 | Zig:13   | Identified the +5 hunting sling of the Ageless Towns
                  | {flame, Fly Str+3 SInv}
 67966 | Zig:13   | Identified the amulet "Hylixe" {Reflect rC+ Will+ SH+5}
 67972 | Zig:13   | Identified the ring "Xedoadgh" {rC+ Int+6}
 68064 | Zig:14   | Entered Level 14 of a ziggurat
 68090 | Zig:14   | Reached skill level 25 in Fighting
 68287 | Zig:14   | Identified the ring of Royfaffifu {rPois rN+ AC+4 Str+4}
 68307 | Zig:15   | Entered Level 15 of a ziggurat
 68430 | Zig:15   | Identified the +3 trident of Gin and Tonic {chaos, rElec
                  | Int+3 SInv}
 68488 | Zig:16   | Entered Level 16 of a ziggurat
 68497 | Zig:16   | Noticed Vunaly the pandemonium lord
 68502 | Zig:16   | Gained mutation: You do not regenerate when monsters are
                  | visible. [a cacodemon]
 68506 | Zig:16   | Killed from afar by Vunaly the pandemonium lord

Illustrated notes

Levels and vault maps discovered:
D:1:      minmay_arrival_semitransparent, layout_basic, chequers_avenue,
          serial_bayou_lagoon_a
D:2:      layout_rooms, shapermc_ecumenical_altar_gd, basic_altar
D:3:      layout_loops_ring, uniq_crazy_yiuf_cottage
D:4:      layout_rooms, serial_shops, nicolae_shop_behind_doors, uniq_eustachio
D:5:      layout_basic, roderic_nine_men_s_morris, nicolae_shop_firing_range,
          uniq_sigmund
D:6:      layout_basic, minmay_temple_entry_junction_2,
          chequers_serial_rivers_room_b
D:7:      layout_loops_corners, serial_shops, shop_coins, serial_rivers,
          chequers_serial_rivers_large_a, chequers_serial_rivers_small_b,
          chequers_serial_rivers_small_a, chequers_serial_rivers_micro_c,
          chequers_serial_rivers_micro_e, uniq_joseph
D:8:      layout_rooms
D:9:      minmay_the_grid_four_pointed_star_mashed
          [minmay_the_grid_triangle_9x9_from_above,
          minmay_the_grid_triangle_9x9_windchime,
          minmay_the_grid_triangle_9x9_zippers_horizontal,
          minmay_the_grid_triangle_9x9_sparse_checkered,
          minmay_the_grid_prize_four_corners_diamond_a], layout_rooms,
          serial_shops, nicolae_shop_waterfront, serial_curves, eino_curves_01,
          eino_curves_02, minivault_5, minmay_shop_damaged, uniq_grum
D:10:     layout_loops_cross, grunt_qazlal_sundering,
          nicolae_hepliaklqana_ecumenical_no_more,
          mainiacjoe_overflow_big_doors, lair_entry_dummy
D:11:     layout_loops_ring, orc_0_dummy, minmay_evil_grid, uniq_psyche,
          uniq_josephine
D:12:     layout_loops_ring, uniq_maurice
D:13:     layout_loops_cross, erik_vaults_2
D:14:     layout_small_grid, chequers_serial_rivers_marsh,
          grunt_dithmenos_shadows
D:15:     hangedman_depths_entry_civil_slaughter, layout_grid_maze,
          minmay_misc_feat_secret_circle, trog_three_pillars_becter
Temple:   compressed_dpeg_circular_temple
Lair:1:   layout_cave_pods, basic_altar
Lair:2:   regret_index_wax_grids, layout_regular_city,
          nicolae_spider_entry_tight_spaces, gammafunk_ghost_wrathful_warriors,
          infiniplex_staircase_pool_2, serial_bayou_shore_b, grunt_megastairs_1
Lair:3:   layout_cave_pods, st_stairs_6, infiniplex_staircase_pool,
          lemuel_fruit_fields, uniq_rupert
Lair:4:   layout_big_grid, elwin_shoals_entry_rooms, gauntlet_entry_generic
Lair:5:   layout_cave_pods, serial_bayou_shore_a
Lair:6:   evilmike_catoblepas_cave, layout_small_grid, slime_altar_1,
          grunt_forest_large_clearing_hut
Shoals:1: layout_shoals, nicolae_shoals_lost_giant_baths,
          nicolae_shoals_circle_sea_wall
Shoals:2: layout_shoals, nicolae_shoals_wave_tunnel
Shoals:3: layout_shoals, serial_shops, nicolae_square_shop
Shoals:4: shoals_end_grunt_ice, layout_shoals, serial_shops,
          nicolae_shop_statue_plus, nicolae_shoals_undead_eyrie
Spider:1: layout_spider_delve
Spider:2: layout_spider_delve, nicolae_spider_cling_halls
Spider:3: layout_spider_delve
Spider:4: johnstein_spider_rune_arachne_lair, gammafunk_ghost_grave,
          uniq_arachne, uniq_roxanne, uniq_louise
Slime:1:  layout_caves
Slime:2:  layout_caves
Slime:3:  layout_caves
Slime:4:  layout_caves, cheibrodos_slime_lost_civilization_7
Slime:5
Orc:1:    layout_caves, serial_shops, nicolae_diamond_shop,
          portal_ice_cave_entry_imps, uniq_erica
Orc:2:    st_orc_elflike, layout_caves, gammafunk_ghost_fury_of_okawaru,
          minmay_orc_keep, uniq_saint_roka, uniq_erolcha, uniq_jorgrun,
          uniq_donald, uniq_nessos
Elf:1:    minmay_elf_arrival_circle, layout_loops_cross, serial_shops, shop,
          hangedman_elf_represent
Elf:2:    nicolae_elf_blades_splatter_lattice [mumra_blade_entry_bloodbath],
          layout_geoelf_diagonals, basic_altar, nicolae_elf_w_pinch
Elf:3:    minmay_elf_hall_spiked, layout_loops_cross, serial_sigils,
          serial_sigils_hangedman_writhe, serial_sigils_hangedman_stare,
          serial_sigils_hangedman_carve, serial_shops, statue_bzr, shop_statue,
          nicolae_shop_crystal, nicolae_shop_stone, shop, uniq_mara
Vaults:1: nicolae_vaults_shelves_hall, nicolae_vaults_puzzle_piece,
          nicolae_vaults_inception_corners, ontoclasm_vaults_gateway,
          hangedman_vaults_pinch, v_misc_25, nicolae_vaults_what_the_h,
          hangedman_vaults_trim, hangedman_vaults_stretched_pinwheel,
          vaults_room_semicircle, vaults_room_pool, dpeg_vaults_monster_box,
          nicolae_vaults_shelves_hall, layout_vaults_chaotic_city
Vaults:2: v_misc_33, v_misc_10, nicolae_vaults_network_square,
          nicolae_vaults_asterisk, v_rooms_1, nicolae_vaults_inception_scallops,
          st_star, nicolae_vaults_little_squares_6, grunt_vaults_focal,
          v_misc_22, nicolae_vaults_shelves_hall, ontoclasm_vaults_bender,
          vaults_mumra_hex, vaults_room_pools, vaults_dpeg_ring,
          nicolae_vaults_gold_heap, layout_vaults_ring, serial_shops,
          nicolae_shop_competitors_out_of_business
Vaults:3: minmay_crypt_entry_simple_box, grunt_vaults_bifocal, v_misc_23,
          vaults_dpeg_diagonal, v_rooms_6, grunt_vaults_hallway_short,
          vaults_room_corners, hangedman_vaults_stretched_pinwheel,
          nicolae_vaults_network_s, nicolae_vaults_windows_and_doors_thing,
          nicolae_vaults_alarming, vaults_room_pools, layout_vaults_big_cross
Vaults:4: hellmonk_guarded_unrand_gong, ontoclasm_vaults_ring_square,
          ontoclasm_vaults_shuriken, v_pattern_3, hangedman_vaults_restitches,
          hangedman_vaults_corner, hangedman_vaults_trim,
          hangedman_vaults_nodes, hangedman_vaults_cutoff,
          nicolae_vaults_angled_halls, vaults_room_stairs_pillars,
          nicolae_vaults_ring_of_whatevers, layout_vaults_omnibox
Vaults:5
Crypt:1:  layout_rooms, st_shrine_of_skulls, grunt_crypt_arrival_webbed
Crypt:2:  cheibrodos_crypt_eye_of_stone, layout_rooms,
          amcnicky_mini_rare_corridor_liquid, grunt_ministairs_1
Crypt:3:  quadcrypt_mu
Depths:1: layout_cave_pools, enter_ziggurat_c, hell_entry,
          eat_drink_and_be_merry_uskayaw
Depths:2: minmay_skeletal_surprise, layout_gridville, abyss_entry_crystal,
          minivault_14, pan_entry, pf_hell_entry_great_geh, st_stairs_13,
          kennysheep_random_hallway, infiniplex_staircase_zigzag_5,
          minmay_shop_grove
Depths:3: cheibrodos_quadrivalence, layout_long_grid, rand_demon_pan_entry_5,
          hell_entry, minmay_misc_feat_rows, serial_shops,
          nicolae_lakefront_shop, minmay_staircase_windowed_small
Depths:4: minmay_five_octagons, layout_gridville, hell_entry, serial_shops,
          nicolae_take_the_stairs, nicolae_vehumet_altar_sigil, abyss_entry,
          infiniplex_staircase_trident, uniq_margery
Depths:5: grunt_twist_and_shout, layout_basic, pan_entry, grunt_metal_band,
          nicolae_abyss_entry_one_way_or_another,
          hangedman_abyss_or_decor_lesser_grid, serial_bayou_shore_b
Zig:16

Skill      XL: |  1  2  3  4  5  6  7  8  9 10 11 12 13 14 15 16 17 18 19 20 21 22 23 24 25 26 27 |
---------------+----------------------------------------------------------------------------------+-----
Earth Magic    | 4 5 6 7 8 9 10 11 12 13 14 15 16 17 19 20 21 22 | 22.0
Spellcasting   | 3 4 5 6 7 8 9 10 11 12 13 14 15 22 | 22.8
Conjurations   | 1 2 3 4 5 6 7 8 9 10 11 12 13 14 15 16 17 18 20 | 20.0
Fighting       | 1 3 5 6 7 8 9 10 11 12 13 14 15 16 17 25 | 25.5
Armour         | 1 3 5 6 |  6.0
Maces & Flails | 1 3 4 5 6 8 9 10 11 12 13 14 15 16 | 16.0
Dodging        | 2 3 4 5 6 7 8 9 10 11 12 13 14 16 | 16.0
Evocations     | 1 3 4 5 7 8 9 10 | 10.0
Fire Magic     | 2 6 8 9 13 16 17 18 19 22 | 22.0
Transmutations | 10 | 10.0
Necromancy     | 19 | 19.0
Ice Magic      | 20 | 20.0
Stealth        | |  2.1

Action                   |  1- 3 |  4- 6 |  7- 9 | 10-12 | 13-15 | 16-18 | 19-21 | 22-24 | 25-27 || total
-------------------------+-------+-------+-------+-------+-------+-------+-------+-------+-------++-------
Melee: Short sword       |    20 |       |       |       |       |       |       |       |       ||    20
       Dagger            |    64 |   178 |   161 |    12 |       |       |       |       |       ||   415
       Whip              |       |       |       |   178 |   680 |   527 |       |       |       ||  1385
       Eveningstar       |       |       |       |       |       |   321 |     8 |   170 |   826 ||  1325
       Flail             |       |       |       |       |       |       |   443 |   220 |       ||   663
       Unarmed           |       |       |       |       |       |       |       |       |    12 ||    12
Throw: Throwing net      |       |       |       |       |       |       |     4 |       |       ||     4
 Cast: Sandblast         |    18 |    29 |    38 |    68 |    23 |    12 |     2 |     1 |       ||   191
       Stone Arrow       |       |     3 |    19 |   123 |   277 |    41 |       |     1 |     3 ||   467
       Lee's Rapid Decon |       |       |       |       |    34 |    47 |     9 |    11 |     8 ||   109
       Starburst         |       |       |       |       |    26 |    61 |       |       |       ||    87
       Bolt of Magma     |       |       |       |       |       |    39 |    11 |     6 |     2 ||    58
       Iron Shot         |       |       |       |       |       |    93 |   110 |    31 |    78 ||   312
       Irradiate         |       |       |       |       |       |    29 |     6 |       |       ||    35
       Ignition          |       |       |       |       |       |     3 |   134 |    61 |    56 ||   254
       Shatter           |       |       |       |       |       |       |       |    76 |   346 ||   422
       Fire Storm        |       |       |       |       |       |       |       |       |    43 ||    43
       Polar Vortex      |       |       |       |       |       |       |       |       |     7 ||     7
       Necromutation     |       |       |       |       |       |       |       |       |     6 ||     6
 Abil: Evoke Blink       |       |       |       |       |       |       |       |       |     1 ||     1
Evoke: Wand              |       |       |     1 |    29 |    35 |    13 |       |       |       ||    78
       Lightning rod     |       |       |       |     9 |     7 |     9 |       |       |       ||    25
       Phial of floods   |       |       |       |     1 |     3 |     1 |       |       |       ||     5
       Box of beasts     |       |       |       |       |     2 |     1 |     1 |       |       ||     4
       Phantom mirror    |       |       |       |       |     1 |     1 |       |       |       ||     2
       Condenser vane    |       |       |       |       |     2 |     3 |     1 |     1 |     2 ||     9
       Tin of tremorston |       |       |       |       |       |       |       |     2 |       ||     2
       Figurine of a zig |       |       |       |       |       |       |       |       |     1 ||     1
  Use: Scroll            |     4 |     5 |     9 |     6 |     5 |    14 |     6 |     4 |    14 ||    67
       Potion            |       |       |     5 |     9 |     3 |     8 |     5 |     6 |    32 ||    68
 Stab: Sleeping          |       |     2 |       |       |     6 |     1 |     1 |       |     1 ||    11
       Invisible         |       |       |       |       |       |     2 |       |       |     7 ||     9
Armor: Robe              |    64 |    99 |   121 |    88 |       |       |       |       |       ||   372
       Leather armour    |       |       |       |   171 |   497 |   843 |   418 |   312 |   788 ||  3029
       Skin              |       |       |       |       |       |       |       |       |     2 ||     2
Dodge: Dodged            |    60 |   131 |   120 |   299 |   576 |  1247 |   589 |   405 |   971 ||  4398

Table legend: (Time is in decaauts)
 A = Elapsed time spent in this place.
 B = Non-inter-level travel time spent in this place.
 C = Inter-level travel time spent in this place.
 D = Time resting spent in this place.
 E = Time spent auto-exploring this place.
 F = Levels seen in this place.
 G = Mean time per level.
                   A        B        C        D        E       F      G
               +--------+--------+--------+--------+--------+-----+--------+
         Total |  67716 |  62640 |   5076 |  10958 |  38063 |  99 |  684.0 |
       Dungeon |  18258 |  16358 |   1900 |   3106 |  10373 |  15 | 1217.2 |
        Temple |    155 |    143 |     12 |      0 |     71 |   1 |  155.0 |
          Lair |   7607 |   6723 |    884 |    517 |   4907 |   6 | 1267.8 |
        Shoals |   4725 |   4543 |    182 |    406 |   3169 |   4 | 1181.2 |
   Spider Nest |   4087 |   3938 |    149 |    268 |   3061 |   4 | 1021.8 |
    Slime Pits |    877 |    821 |     56 |    486 |     16 |   5 |  175.4 |
  Orcish Mines |   2897 |   2593 |    304 |    653 |   1310 |   2 | 1448.5 |
   Elven Halls |   3697 |   3467 |    230 |    399 |   2393 |   3 | 1232.3 |
        Vaults |   8735 |   7888 |    847 |    880 |   5800 |   5 | 1747.0 |
         Crypt |   3247 |   3127 |    120 |    121 |   2113 |   3 | 1082.3 |
        Depths |   5932 |   5544 |    388 |    216 |   4243 |   5 | 1186.4 |
      Ziggurat |   5707 |   5707 |      0 |   3140 |    117 |  43 |  132.7 |
        Bazaar |     26 |     26 |      0 |      0 |      6 |   1 |   26.0 |
      Ice Cave |   1110 |   1110 |      0 |    528 |    266 |   1 | 1110.0 |
      Gauntlet |    650 |    650 |      0 |    237 |    217 |   1 |  650.0 |
               +--------+--------+--------+--------+--------+-----+--------+

Top non-repeatable levels by time:
Vaults:2: 2253 daAuts
    D:11: 2126 daAuts
Vaults:4: 1965 daAuts
  Lair:2: 1956 daAuts
Spider:4: 1926 daAuts
Vaults:1: 1910 daAuts
 Crypt:3: 1787 daAuts
   Orc:2: 1784 daAuts
    D:13: 1614 daAuts
Vaults:3: 1598 daAuts
     D:9: 1598 daAuts
  Lair:6: 1550 daAuts
Shoals:4: 1488 daAuts
     D:5: 1431 daAuts
     D:3: 1427 daAuts
